AoeStats
← BuyingJester79

Nomad

508640447Analyzed
4v4 RM · 9d ago on Sep 23, 2026· 70m 24s· 8 players
Game mode
Random Map
Map size
231×231
Population
200
Speed
Normal
Resources
Standard
Victory
Conquest
Starting age
Dark Age
Ending age
Imperial Age
RankedLock teamsTeams togetherTeam positionsShared explorationLock speedFull tech treeHidden civsTurbo modeCheats
Victory
Defeat
🇩🇪 Aztecs · Germany
1249
+14
🇹🇼 Vietnamese · Taiwan
1237
+14
🇹🇼 Italians · Taiwan
1237
+14
🇹🇼 Magyars · Taiwan
1225
+15
🇨🇳 Persians · China
1219
-15
🇹🇷 Dravidians · Türkiye
1214
-14
🇧🇷 Varangians · Brazil
1206
-15
🇺🇸 Spanish · United States
1160
-13
Jaeger
11:08 Loom
13:59 Feudal Age
17:46 Castle Age
17:34 Stone Mining
19:18 Wheelbarrow
19:19 Gold Mining
21:13 Fishing Lines
23:08 Padded Archer Armor
29:44 Leather Archer Armor
HATamaTAH
4:32 Loom
11:58 Feudal Age
12:28 Double-Bit Axe
21:44 Castle Age
20:54 Gold Mining
35:06 Forging
36:25 Iron Casting
38:42 Coinage
39:29 Wheelbarrow
42:55 Bow Saw
47:50 Squires
48:02 Gambesons
48:23 Scale Mail Armor
49:21 Chain Mail Armor
61:32 Arson
ybsngs
3:26 Loom
13:22 Feudal Age
13:54 Double-Bit Axe
18:38 Wheelbarrow
22:51 Castle Age
20:50 Horse Collar
22:29 Bloodlines
22:58 Light Cavalry
23:39 Husbandry
24:05 Bow Saw
chakar
5:39 Loom
14:37 Feudal Age
15:42 Double-Bit Axe
16:00 Gold Mining
18:27 Castle Age
17:18 Fletching
18:39 Stone Mining
19:33 Medium Warships
19:05 Fishing Lines
20:00 Bow Saw
20:34 Horse Collar
20:48 Stone Mining
21:38 Gillnets
22:35 Wheelbarrow
23:17 Bodkin Arrow
23:27 Heavy Plow
25:52 Hand Cart
29:57 Ballistics
32:08 Imperial Age
30:45 Padded Archer Armor
32:12 Masonry
32:06 Town Watch
32:55 Leather Archer Armor
32:50 Thumb Ring
33:01 Guilds
32:36 Elite Elephant Archer
34:17 Conscription
34:54 Scale Mail Armor
34:56 Bracer
37:44 Chemistry
37:45 Ring Archer Armor
39:10 Coinage
40:12 Medical Corps
42:29 Squires
42:15 Gambesons
46:47 Man-at-Arms
47:14 Arson
48:46 Two-Man Saw
48:03 Chain Mail Armor
47:59 Forging
47:26 Long Swordsman
48:38 Wootz Steel
48:54 Hoardings
48:35 Two-Handed Swordsman
50:03 Plate Mail Armor
49:12 Champion
51:26 Iron Casting
54:18 Elite Urumi Swordsman
61:54 Murder Holes
63:19 Blast Furnace
Basti8712
14:30 Feudal Age
16:27 Loom
18:52 Castle Age
17:10 Double-Bit Axe
17:23 Horse Collar
20:56 Wheelbarrow
21:04 Fletching
30:29 Forging
30:20 Scale Mail Armor
34:42 Heavy Plow
37:33 Iron Casting
37:14 Chain Mail Armor
42:08 Imperial Age
39:57 Bow Saw
41:01 Hand Cart
42:57 Siege Engineers
42:16 Capped Ram
42:17 Onager
44:49 Chemistry
46:52 Ballistics
46:24 Siege Onager
49:06 Conscription
48:59 Elite Jaguar Warrior
51:03 Crop Rotation
52:28 Blast Furnace
52:00 Plate Mail Armor
51:52 Squires
51:38 Arson
57:50 Bodkin Arrow
57:49 Capped Ram
61:14 Siege Ram
67:54 Garland Wars
BinLuJHOU
3:21 Loom
13:17 Feudal Age
15:19 Double-Bit Axe
19:53 Padded Archer Armor
20:50 Fletching
21:31 Town Watch
25:22 Horse Collar
31:44 Castle Age
31:13 Wheelbarrow
33:20 Bow Saw
33:13 Heavy Plow
34:23 Crossbowman
35:44 Pikeman
40:18 Elite Skirmisher
43:38 Imperial Age
42:11 Bodkin Arrow
42:33 Leather Archer Armor
43:50 Imperial Skirmisher
46:55 Hand Cart
46:34 Cavalier
48:25 Husbandry
49:59 Arbalester
50:45 Thumb Ring
54:33 Crop Rotation
54:16 Bloodlines
55:20 Bracer
58:17 Gold Mining
58:18 Stone Mining
64:02 Ring Archer Armor
66:12 Hoardings
66:26 Ballistics
71:14 Chemistry
George
8:20 Loom
14:41 Feudal Age
20:35 Castle Age
19:29 Scale Barding Armor
19:42 Double-Bit Axe
24:15 Wheelbarrow
23:21 Horse Collar
29:40 Town Watch
35:45 Fletching
36:16 Chain Barding Armor
39:41 Imperial Age
37:50 Husbandry
38:01 Bloodlines
39:59 Cavalier
41:47 Bow Saw
55:50 Heavy Plow
61:20 Corvinian Army
62:27 Hand Cart
66:12 Crop Rotation
66:28 Plate Barding Armor
68:17 Two-Man Saw
67:32 Thumb Ring
BuyingJester79
5:01 Loom
14:29 Feudal Age
19:01 Castle Age
18:35 Double-Bit Axe
18:45 Fletching
19:45 Forging
19:28 Town Watch
20:18 Wheelbarrow
19:52 Pikeman
20:39 Scale Mail Armor
39:27 Padded Archer Armor
40:52 Horse Collar
41:39 Bodkin Arrow
43:13 Elite Skirmisher
45:42 Bow Saw
46:01 Leather Archer Armor
53:46 Imperial Age
53:40 Scale Barding Armor
54:12 Iron Casting
53:58 Bloodlines
53:09 Light Cavalry
55:43 Hussar
56:29 Imperial Skirmisher
62:11 Bracer
63:59 Conscription
64:12 Conscription
67:10 Ring Archer Armor
67:43 Blast Furnace
67:07 Chain Barding Armor
67:32 Husbandry
68:58 Chemistry
68:19 Ballistics
70:22 Two-Man Saw
Connection lost

Rejoining the realm…

Still unreachable

The connection could not be restored.

Session expired

The server has moved on; the page needs a fresh start.